 Dungeon Crawl Stone Soup version 0.30-a0-728-gc68057be0a (webtiles) character file.

Game seed: 15483455026298947389

246 drewk1942 the Covert (level 6, -4/44 HPs)
             Began as a Gnoll Wanderer on Jan 30, 2023.
             Was an Initiate of Cheibriados.
             Slain by a wight
             ... wielding a +2 battleaxe of freezing
              (14 damage)
             ... on level 4 of the Dungeon.
             The game lasted 00:05:39 (2996 turns).

drewk1942 the Covert (Gnoll Wanderer)               Turns: 2996, Time: 00:05:40

Health: -4/44      AC: 10    Str:  8    XL:     6   Next: 11%
Magic:  9/11       EV: 12    Int: 19    God:    Cheibriados [......]
Gold:   126        SH:  0    Dex: 12    Spells: 10/11 levels left

rFire   . . .      SeeInvis .    a - +0 falchion (protect)
rCold   . . .      Faith    .    (no shield)
rNeg    . . .      Spirit   .    d - +0 robe
rPois   .          Reflect  .    (no helmet)
rElec   .          Harm     .    (no cloak)
rCorr   .          Rampage  .    (no gloves)
Will    .....                    g - +0 pair of boots
Stlth   ++++                     (no amulet)
HPRegen 0.27/turn                (no ring)
MPRegen 0.12/turn                (no ring)

@: under a protective aura, very slow
A: fangs 1, strong nose, distributed training
a: Renounce Religion


You were on level 4 of the Dungeon.
You worshipped Cheibriados.
Cheibriados was noncommittal.
You visited 2 branches of the dungeon, and saw 6 of its levels.

You collected 126 gold pieces.

Inventory:

Hand Weapons
 a - a +0 falchion of protection (weapon)
Armour
 b - a +0 pair of boots
 d - a +0 robe (worn)
 f - a +0 kite shield
 g - a +0 pair of boots (worn)
Scrolls
 e - a scroll of identify
 h - 2 scrolls of torment
Potions
 c - a potion of magic


   Skills:
 + Level 1.9 Fighting
 + Level 1.9 Short Blades
 + Level 4.9 Long Blades
 + Level 1.9 Axes
 + Level 1.9 Maces & Flails
 + Level 1.9 Polearms
 + Level 1.9 Staves
 + Level 1.9 Ranged Weapons
 + Level 1.9 Throwing
 + Level 1.9 Armour
 + Level 1.9 Dodging
 + Level 8.0 Stealth
 + Level 1.9 Shields
 + Level 1.9 Unarmed Combat
 + Level 3.4 Spellcasting
 + Level 1.5 Conjurations
 + Level 1.5 Hexes
 + Level 1.5 Summonings
 + Level 1.5 Necromancy
 + Level 1.5 Translocations
 + Level 1.5 Transmutations
 + Level 5.6 Fire Magic
 + Level 1.5 Ice Magic
 + Level 1.5 Air Magic
 + Level 1.5 Earth Magic
 + Level 1.5 Poison Magic
 + Level 2.1 Invocations
 + Level 1.9 Evocations


You had 10 spell levels left.
You knew the following spells:

 Your Spells              Type           Power      Damage    Failure   Level
a - Foxfire               Conj/Fire      64%        2x1d7     3%          1

Your spell library contained the following spells:

 Spells                   Type           Power      Damage    Failure   Level
 Beastly Appendage        Tmut           16%        N/A       8%          1
 Sublimation of Blood     Necr           8%         N/A       12%         2
 Wereblood                Tmut           8%         N/A       12%         2
 Kindle Blastsparks       Fire/Tloc/Air  28%        2d12      14%         3
 Spider Form              Tmut/Pois      8%         N/A       24%         3
 Flame Wave               Conj/Fire      16%        2d7       32%         4
 Summon Hydra             Summ           4%         N/A       100%        7


Dungeon Overview and Level Annotations

Branches:
Dungeon (5/15)             Temple (1/1) D:5

Altars:
Ashenzari
Cheibriados
Dithmenos
Elyvilon
Fedhas
Kikubaaqudgha
Makhleb
Qazlal
Sif Muna
Trog
Uskayaw
Vehumet
The Shining One

Annotations:
D:5 Sigmund


Innate Abilities, Weirdness & Mutations

You have very sharp teeth.
Your uncanny sense of smell can sniff out nearby items.
Your experience applies equally to all skills.


Message History

Okay, then.
You hit the necrophage.
You bite the necrophage, but do no damage.
The necrophage is heavily damaged.
The necrophage barely misses you.
You hit the necrophage.
The necrophage is severely damaged.
The necrophage closely misses you.
You closely miss the necrophage.
The necrophage is severely damaged.
The necrophage hits you but does no damage.
You hit the necrophage.
The necrophage is almost destroyed.
The necrophage hits you but does no damage.
You hit the necrophage.
The necrophage is almost destroyed.
The necrophage hits you but does no damage.
The necrophage misses you.
You closely miss the necrophage.
The necrophage is almost destroyed.
The necrophage closely misses you.
You hit the necrophage but do no damage.
You punch the necrophage.
The necrophage is almost destroyed.
The necrophage hits you.
You hit the necrophage.
You destroy the necrophage!
Cheibriados appreciates the change of pace.
Your life force feels restored.
Your Invocations skill increases to level 2!
You have reached level 6!
You hit the wight but do no damage. The wight closely misses you.
You hit the wight but do no damage.
The wight hits you with a +2 battleaxe of freezing.
* * * LOW HITPOINT WARNING * * *
The wight freezes you.
* * * LOW HITPOINT WARNING * * *
You hit the wight but do no damage.
The wight hits you with a +2 battleaxe of freezing!
You die...

∆ #. #.###
#
...####.#
#.$....###
#.>.......
#.########
∆ #.# #z#
#@# #)#
#.# #.#
#.# #.#
..# ###


You could see a wight.

Vanquished Creatures
  A necrophage (D:4)
  Jessica (D:2)
  An iguana (D:5)
  Robin (D:2)
  4 adders
  3 gnolls (D:3)
  A worm (D:2)
  A dart slug (D:2)
  5 endoplasms
  A giant cockroach (D:1)
  15 goblins
  7 hobgoblins
  4 ball pythons
  4 bats (D:1)
  A frilled lizard (D:1)
  5 rats
55 creatures vanquished.

Vanquished Creatures (others)
  5 foxfires (D:1)
5 creatures vanquished.

Grand Total: 60 creatures vanquished

Notes
Turn   | Place    | Note
-------+----------+-------------------------------------------
     0 | D:1      | drewk1942 the Gnoll Wanderer began the quest for the Orb.
     0 | D:1      | drewk1942 set off with the following items: a +0 falchion,
                  | a +0 pair of boots, a potion of lignification, a +0 robe;
                  | and the following spell memorised: Foxfire; and the
                  | following spells available to memorise: Kindle Blastsparks,
                  | Flame Wave.
     0 | D:1      | Reached XP level 1. HP: 13/13 MP: 4/4
   117 | D:1      | Reached XP level 2. HP: 18/19 MP: 5/5
   669 | D:1      | Reached XP level 3. HP: 24/25 MP: 7/7
  1022 | D:2      | HP: 1/37 [poisoned by an adder]
  1024 | D:2      | Reached skill level 1 in Invocations
  1328 | D:2      | Reached skill level 1 in Fighting
  1328 | D:2      | Reached skill level 1 in Short Blades
  1328 | D:2      | Reached skill level 1 in Axes
  1328 | D:2      | Reached skill level 1 in Maces & Flails
  1328 | D:2      | Reached skill level 1 in Polearms
  1328 | D:2      | Reached skill level 1 in Staves
  1328 | D:2      | Reached skill level 1 in Ranged Weapons
  1328 | D:2      | Reached skill level 1 in Throwing
  1328 | D:2      | Reached skill level 1 in Armour
  1328 | D:2      | Reached skill level 1 in Dodging
  1328 | D:2      | Reached skill level 1 in Shields
  1328 | D:2      | Reached skill level 1 in Unarmed Combat
  1328 | D:2      | Reached skill level 1 in Evocations
  1331 | D:2      | Noticed Robin
  1722 | D:3      | Reached XP level 4. HP: 13/32 MP: 8/8
  2080 | D:2      | Reached skill level 1 in Conjurations
  2080 | D:2      | Reached skill level 1 in Hexes
  2080 | D:2      | Reached skill level 1 in Summonings
  2080 | D:2      | Reached skill level 1 in Necromancy
  2080 | D:2      | Reached skill level 1 in Translocations
  2080 | D:2      | Reached skill level 1 in Transmutations
  2080 | D:2      | Reached skill level 1 in Ice Magic
  2080 | D:2      | Reached skill level 1 in Air Magic
  2080 | D:2      | Reached skill level 1 in Earth Magic
  2080 | D:2      | Reached skill level 1 in Poison Magic
  2100 | D:2      | Killed Robin
  2243 | D:2      | Found a blossoming altar of Fedhas.
  2321 | D:2      | Noticed Jessica
  2326 | D:2      | Killed Jessica
  2327 | D:2      | Reached XP level 5. HP: 37/37 MP: 9/9
  2331 | D:2      | Found a blossoming altar of Fedhas.
  2729 | D:3      | You fall into a shaft and drop 2 floors!
  2729 | D:5      | Entered Level 5 of the Dungeon
  2729 | D:5      | Found a staircase to the Ecumenical Temple.
  2740 | Temple   | Entered the Ecumenical Temple
  2882 | Temple   | Became a worshipper of Cheibriados the Contemplative
  2936 | D:5      | Reached skill level 8 in Stealth
  2969 | D:5      | Noticed Sigmund
  2994 | D:4      | Reached XP level 6. HP: 15/44 MP: 9/11
  2996 | D:4      | Slain by a wight

Illustrated notes

Levels and vault maps discovered:
D:1:      dpeg_arrival_subterranean_lakeside_camping, layout_basic
D:2:      layout_loops_ring, basic_altar, grunt_decor_cap, minmay_hexomino_r4,
          uniq_jessica, uniq_robin
D:3:      layout_loops_corners, nzn_wu_jian_contemplation
D:4:      layout_loops_ring, kennysheep_small_spiral, minmay_misc_feat_rows,
          lexackson_kobold_supper
D:5:      minmay_polygon_palace, layout_basic, amcnicky_altar_gilded,
          uniq_sigmund
Temple:   nicolae_temple_hex_pool

Skill      XL: |  1  2  3  4  5 |
---------------+----------------+-----
Invocations    | 1 2 |  2.1
Fighting       | 1 |  1.9
Short Blades   | 1 |  1.9
Axes           | 1 |  1.9
Maces & Flails | 1 |  1.9
Polearms       | 1 |  1.9
Staves         | 1 |  1.9
Ranged Weapons | 1 |  1.9
Throwing       | 1 |  1.9
Armour         | 1 |  1.9
Dodging        | 1 |  1.9
Shields        | 1 |  1.9
Unarmed Combat | 1 |  1.9
Evocations     | 1 |  1.9
Spellcasting   | 3 |  3.4
Conjurations   | 1 |  1.5
Hexes          | 1 |  1.5
Summonings     | 1 |  1.5
Necromancy     | 1 |  1.5
Translocations | 1 |  1.5
Transmutations | 1 |  1.5
Ice Magic      | 1 |  1.5
Air Magic      | 1 |  1.5
Earth Magic    | 1 |  1.5
Poison Magic   | 1 |  1.5
Stealth        | 8 |  8.0
Long Blades    | |  4.9
Fire Magic     | |  5.6

Action                     |  1- 3 |  4- 6 || total
---------------------------+-------+-------++-------
  Melee: Falchion          |    87 |   134 ||   221
         Bite              |     3 |    14 ||    17
         Punch             |     1 |     3 ||     4
   Cast: Foxfire           |     3 |       ||     3
    Use: Scroll            |     5 |     2 ||     7
         Potion            |     2 |     2 ||     4
   Stab: Sleeping          |    15 |     1 ||    16
 Armour: Robe              |    28 |    50 ||    78
         Skin              |     6 |       ||     6
  Dodge: Dodged            |    47 |    86 ||   133

Table legend: (Time is in decaauts)
 A = Elapsed time spent in this place.
 B = Non-inter-level travel time spent in this place.
 C = Inter-level travel time spent in this place.
 D = Time resting spent in this place.
 E = Time spent auto-exploring this place.
 F = Levels seen in this place.
 G = Mean time per level.
                   A        B        C        D        E       F      G
               +--------+--------+--------+--------+--------+-----+--------+
         Total |   3028 |   2931 |     97 |    701 |   1593 |   6 |  504.7 |
       Dungeon |   2859 |   2789 |     70 |    701 |   1531 |   5 |  571.8 |
        Temple |    169 |    143 |     26 |      0 |     62 |   1 |  169.0 |
               +--------+--------+--------+--------+--------+-----+--------+

Top non-repeatable levels by time:
     D:2: 1150 daAuts
     D:1: 883 daAuts
     D:3: 710 daAuts
  Temple: 169 daAuts
     D:5: 91 daAuts
     D:4: 23 daAuts
